 Dungeon Crawl Stone Soup version 0.31-a0-691-g409c26aa35 (webtiles) character file.

Game seed: 7057752757299896531

95 IdlyInterested the Trooper (level 4, -2/37 HPs)
             Began as a Demonspawn Monk on Sept 6, 2023.
             Slain by Grinder (9 damage)
             ... on level 3 of the Dungeon.
             The game lasted 00:06:06 (1809 turns).

IdlyInterested the Trooper (Demonspawn Monk)        Turns: 1809, Time: 00:06:07

Health: -2/37      AC:  5    Str: 14    XL:     4   Next: 39%
Magic:  4/4        EV: 12    Int: 11    God:
Gold:   110        SH:  0    Dex: 15    Spells: 3/3 levels left

rFire   + +          .
                       - Unarmed
rCold   + . .        c - orb {light}
rNeg    . . .        m - +0 leather armour
rPois   +            b - +0 helmet
rElec   +            i - +0 cloak
rCorr   +            (no gloves)
SInv    .            (no boots)
Will    .....        (no amulet)
Stlth   +            q - ring of protection from fire
HPRegen 0.26/turn    (no ring)
MPRegen 0.09/turn

%: no passive effects
@: resistant, glowing
A: demonic guardian 1, powered by pain 1
a: no special abilities


You were on level 3 of the Dungeon.
You visited 1 branch of the dungeon, and saw 3 of its levels.

You collected 110 gold pieces.

Inventory:

Hand Weapons
 d - a +0 dagger
 h - a +0 war axe
 k - a +0 rapier
Missiles
 j - 13 stones (quivered)
Armour
 b - a +0 helmet (worn)
 c - an orb of light (worn)
 i - a +0 cloak (worn)
 m - a +0 leather armour (worn)
 r - a +1 helmet
Magical Staves
 o - a staff of conjuration
Jewellery
 q - a ring of protection from fire (left hand)
Scrolls
 f - a scroll of fog {unknown}
 g - 2 scrolls of teleportation {unknown}
 p - a scroll of identify {unknown}
Potions
 e - a potion of cancellation
 l - a potion of lignification {unknown}
 n - a potion of mutation {unknown}


   Skills:
 - Level 4.0 Fighting
 - Level 1.0 Throwing
 - Level 1.0 Armour
 - Level 2.6 Dodging
 + Level 2.1 Stealth
 - Level 2.6 Unarmed Combat
 - Level 1.0 Evocations


You had 3 spell levels left.
You didn't know any spells.
Your spell library contained the following spells:

 Spells                   Type           Power      Damage    Failure   Level
 Sandblast                Erth           0%         2d4       41%         1
 Passwall                 Tmut/Erth      0%         N/A       54%         2
 Stone Arrow              Conj/Erth      0%         3d7       78%         3


Dungeon Overview and Level Annotations

Branches:
Dungeon (3/15)

Altars:

Shops:
D:1 (

Annotations:
D:3 Grinder


Innate Abilities, Weirdness & Mutations

A weak demonic guardian rushes to your aid.
You sometimes gain a little power by taking damage.


Message History

You see here a +0 dagger.
A rat comes into view.
You see here a +0 club.
You hit Grinder but do no damage. Grinder hits you.
A demonic guardian appears!
You writhe in agony.
You hit Grinder.
Grinder is lightly wounded.
Grinder closely misses you.
You hit Grinder.
Grinder is moderately wounded.
Your iron imp barely misses Grinder.
Grinder blinks!
Your iron imp closely misses Grinder.
Grinder says, "At least Makhleb appreciates what I'm doing."
Grinder hits your iron imp. The rat barely misses you.
Your iron imp closely misses Grinder.
Grinder gestures at you. Pain shoots through your body!
You hit Grinder.
Grinder is moderately wounded.
The rat closely misses you.
Unknown command.
You hit Grinder.
Grinder is moderately wounded.
Grinder closely misses you. The rat bites you.
Your iron imp hits Grinder.
You hit Grinder but do no damage.
Grinder is heavily wounded.
Grinder gestures at you. Pain shoots through your body!
* * * LOW HITPOINT WARNING * * *
The rat barely misses you.
Your iron imp hits Grinder.
Unknown command.
It was a potion of cancellation.
You feel magically purged. Grinder gestures at you.
You resist with significant effort. The rat bites you but does no damage.
Your iron imp barely misses Grinder.
It was a potion of resistance.
You feel protected. Grinder hits you!
You die...
Grinder says, "Now the real fun starts!"

....# ##...#
#....###
##......###
###.........
#[#....... #
#.# #r5.# ##.
##.###5@.#
.#...#<.)))..##
....$...[######
.##.......#
#.$.....#
#.......#
#.$.....#
#........
...$.#.####


You could see Grinder (ally target), a rat and a friendly iron imp (summoned).

Vanquished Creatures
  Robin (D:3)
  3 adders
  2 dart slugs (D:1)
  3 endoplasms
  2 giant cockroaches (D:2)
  11 goblins
  11 hobgoblins
  A kobold (D:1)
  A quokka (D:2)
  2 ball pythons (D:1)
  5 bats
  A frilled lizard (D:1)
  5 rats
48 creatures vanquished.

Notes
Turn   | Place    | Note
-------+----------+-------------------------------------------
     0 | D:1      | IdlyInterested the Demonspawn Monk began the quest for the
                  | Orb.
     0 | D:1      | Reached XP level 1. HP: 18/18 MP: 1/1
   219 | D:1      | Reached skill level 1 in Armour
   219 | D:1      | Gained mutation: A weak demonic guardian rushes to your
                  | aid. [demonic ancestry]
   219 | D:1      | Reached XP level 2. HP: 24/24 MP: 2/2
   228 | D:1      | Found Gaedgh's Weapon Shop.
   444 | D:1      | Reached skill level 1 in Stealth
   901 | D:1      | Reached XP level 3. HP: 18/29 MP: 3/3
  1410 | D:2      | Gained mutation: You sometimes gain a little power by
                  | taking damage. [demonic ancestry]
  1410 | D:2      | Reached XP level 4. HP: 30/37 MP: 4/4
  1439 | D:2      | Reached skill level 1 in Throwing
  1674 | D:3      | Noticed Robin
  1680 | D:3      | Reached skill level 4 in Fighting
  1692 | D:3      | Noticed Grinder
  1695 | D:3      | Killed Robin
  1696 | D:3      | Reached skill level 1 in Evocations
  1809 | D:3      | Slain by Grinder

Illustrated notes

Levels and vault maps discovered:
D:1:      minmay_arrival_diagonal_passages, layout_loops_ring, serial_shops,
          shop
D:2:      layout_rooms, serial_bayou, serial_bayou_ford_a, serial_bayou_pond_d,
          serial_bayou_shore_b, serial_bayou_pond_e
D:3:      layout_loops_ring, grunt_gozag_breadcrumbs,
          gammafunk_temple_overflow_elements,
          dreamdust_ecumenical_altar_angels_and_demons,
          minmay_misc_feat_diagonals, uniq_sigmund, uniq_robin, uniq_grinder

Skill      XL: |  1  2  3  4 |
---------------+-------------+-----
Armour         | 1 |  1.0
Stealth        | 1 2 |  2.1
Throwing       | 1 |  1.0
Fighting       | 4 |  4.0
Evocations     | 1 |  1.0
Dodging        | |  2.6
Unarmed Combat | |  2.6

Action                     |  1- 3 |  4- 6 || total
---------------------------+-------+-------++-------
  Melee: Unarmed           |   121 |    50 ||   171
  Throw: Stone             |       |     4 ||     4
    Use: Potion            |     1 |     2 ||     3
 Armour: Robe              |    28 |       ||    28
         Leather armour    |    43 |    37 ||    80
  Dodge: Dodged            |    83 |    23 ||   106

Table legend: (Time is in decaauts)
 A = Elapsed time spent in this place.
 B = Non-inter-level travel time spent in this place.
 C = Inter-level travel time spent in this place.
 D = Time resting spent in this place.
 E = Time spent auto-exploring this place.
 F = Levels seen in this place.
 G = Mean time per level.
                   A        B        C        D        E       F      G
               +--------+--------+--------+--------+--------+-----+--------+
         Total |   1813 |   1666 |    147 |    247 |    948 |   3 |  604.3 |
       Dungeon |   1813 |   1666 |    147 |    247 |    948 |   3 |  604.3 |
               +--------+--------+--------+--------+--------+-----+--------+

Top non-repeatable levels by time:
     D:1: 967 daAuts
     D:2: 766 daAuts
     D:3: 79 daAuts
